 Dungeon Crawl Stone Soup version 0.16-a0-3280-g3a29b53 (webtiles) character file.

78 Aargh the Slasher (level 4, -1/38 HPs)
             Began as a Hill Orc Wanderer on Dec 24, 2014.
             Slain by a worker ant (2 damage)
             ... on level 3 of the Dungeon.
             The game lasted 00:18:24 (2192 turns).

Aargh the Slasher (Hill Orc Wanderer)               Turns: 2192, Time: 00:18:24

Health: -1/38      AC:  9    Str: 15    XL:     4   Next: 36%
Magic:  4/4        EV:  9    Int: 18    God:
Gold:   164        SH:  0    Dex:  9    Spells: 0 memorised, 3 levels left

rFire  . . .     SeeInvis .     w - +0 hand axe (elec)
rCold  . . .     Clarity  .     a - +3 scale mail
rNeg   . . .     SustAb   .     (no shield)
rPois  .         Gourm    .     (no helmet)
rElec  .         Spirit   .     (no cloak)
rCorr  .         Warding  .     (no gloves)
rMut   .         Stasis   .     (no boots)
MR     .....                    (no amulet)
Stlth  ..........               (no ring)
                                i - ring of wizardry

@: brilliant, lethally poisoned, not resistant to hostile enchantments,
extremely unstealthy
A: no striking features
a: Convert to Beogh


You were on level 3 of the Dungeon.
You were not hungry.

You visited 1 branch of the dungeon, and saw 5 of its levels.

You collected 164 gold pieces.

Inventory:

Hand weapons
 c - a +0 falchion
 k - a +0 mace
 o - a +1 hunting sling of flaming
 s - a +0 dagger
 w - a +0 hand axe of electrocution (weapon)
 x - a +0 trident
Missiles
 e - 11 bolts
 h - 78 stones (quivered)
 l - 23 sling bullets
Armour
 a - a +3 scale mail (worn)
 v - a +0 leather armour
Jewellery
 f - an uncursed amulet of stasis
 i - a ring of wizardry (left hand)
 m - a +3 ring of strength {unknown}
 p - an uncursed ring of poison resistance {unknown}
 r - an uncursed ring of fire {unknown}
Scrolls
 b - 2 scrolls of teleportation
 g - 2 scrolls of enchant armour
 n - a scroll of identify
Comestibles
 d - 4 meat rations
 q - a bread ration
 t - a slice of pizza


   Skills:
 + Level 3.1 Fighting
 + Level 3.9 Long Blades
   Level 1.0 Crossbows
 * Level 2.6 Armour
 + Level 1.4 Dodging
 * Level 1.7 Stealth
   Level 1.1 Shields


You had 3 spell levels left.
You didn't know any spells.

Dungeon Overview and Level Annotations

Branches:
Dungeon (5/15)
 Temple: D:4-7

Altars:
The Shining One

Annotations:
D:4 Pikel


Message History

You feel clever all of a sudden.
The worker ant bites you but does no damage.
* * * LOW HITPOINT WARNING * * *
You feel sick. The worker ant barely misses you.
Drink which item? (? for menu, Esc to quit)
It was a potion of heal wounds.
You feel much better.
You feel sick. The worker ant bites you.
* * * LOW HITPOINT WARNING * * *
Unknown command.
You feel sick.
The worker ant waves its antennae.
The worker ant bites you but does no damage.
You feel sick.
Found a stone staircase leading up.
You feel sick.
The worker ant bites you but does no damage.
You feel sick. The worker ant bites you.
* * * LOW HITPOINT WARNING * * *
There is a stone staircase leading up here.
The worker ant bites you.
* * * LOW HITPOINT WARNING * * *
You are lethally poisoned!
The worker ant poisons you!
You climb upwards.
The orc shouts!
The orc wizard shouts!
The hobgoblin shouts!
* * * LOW HITPOINT WARNING * * *
You feel sick. The orc wizard casts a spell at you. The magic dart hits you!
* * * LOW HITPOINT WARNING * * *
The hobgoblin hits you but does no damage.
Found 14 gold pieces.
Found a stone staircase leading up.
There is a stone staircase leading down here.
* * * LOW HITPOINT WARNING * * *
You feel sick.
The orc priest shouts, "Beogh is our master!
Accept the truth or die!" (press Y on the ability menu to convert to Beogh)
The orc priest shouts!
The worker ant bites you.
You die...

*,*******#........*,,,,,,,,,,*
*,,,,,,,...........,,,,,,,,,,*
*******#..........#,,,,,,,,,,*
#..........#***,,,,,*,,
#..........#***,,**,,,,
#..........#*,,,,**,,,,
#....g.....#..#,,*,,*,,
*#...a>...o.o##*,,,***,
*#$...@...##..#,,,,,*,,
#..........o...,,,,,,,,
#..........###,,,,,*,,*
#..........o..,,**,,,,,
#.............*,,*,,*,,
#............***,,,***,
*#......<...,,*,,*,,*,,
*#......#.,*,,,**,,,,,
***###*..***,,***,,,,


You could see a worker ant, an orc priest, an orc wizard, 2 orcs and a
hobgoblin.

Vanquished Creatures
  A slave (D:4)
  2 adders
  3 giant geckos
  An orc (D:3)
  12 bats
  4 giant cockroaches
  5 goblins (D:2)
  5 hobgoblins
  A quokka (D:1)
  2 ball pythons (D:1)
  2 giant newts
  7 kobolds
  9 rats
54 creatures vanquished.

Notes
Turn   | Place    | Note
--------------------------------------------------------------
     0 | D:1      | Aargh, the Hill Orc Wanderer, began the quest for the Orb.
     0 | D:1      | Aargh set off with: a +2 scale mail, a scroll of teleportation, a +0 falchion, a meat ration
     0 | D:1      | Reached XP level 1. HP: 18/18 MP: 1/1
   231 | D:1      | Reached XP level 2. HP: 15/25 MP: 2/2
   766 | D:1      | Reached XP level 3. HP: 28/30 MP: 3/3
  1111 | D:2      | Reached skill level 1 in Dodging
  1317 | D:2      | Found a glowing golden altar of the Shining One.
  1453 | D:2      | Reached skill level 3 in Fighting
  1524 | D:2      | Reached XP level 4. HP: 38/38 MP: 4/4
  2111 | D:4      | Noticed a slave
  2119 | D:5      | Entered Level 5 of the Dungeon
  2119 | D:5      | Noticed an ogre
  2138 | D:4      | Killed a slave
  2161 | D:4      | Noticed Pikel
  2191 | D:3      | HP: 2/38 [orc wizard/magic dart (4)]
  2192 | D:3      | Slain by a worker ant

Action                   |  1- 3 |  4- 6 || total
-------------------------+-------+-------++-------
Melee: Falchion          |   211 |    27 ||   238
       Hand axe          |       |    30 ||    30
 Fire: Hunting sling     |       |     9 ||     9
Throw: Stone             |     3 |       ||     3
  Use: Scroll            |     5 |     2 ||     7
       Potion            |       |     2 ||     2
  Eat: Bread ration      |     1 |       ||     1

Table legend:
 A = Turns spent in this place as a percentage of turns spent in the entire game.
 B = Non-inter-level travel turns spent in this place as a percentage of non-inter-level travel turns spent in the entire game.
 C = Inter-level travel turns spent in this place as a percentage of turns spent in this place.
 D = Turns resting spent in this place as a percentage of non-inter-level travel turns spent in this place.
 E = Turns spent auto-exploring this place as a percentage of non-inter-level travel turns spent in this place.
 F = Non-inter-level travel turns spent in this place divided by the number of levels of this place that you've seen.
                   A       B       C       D       E      F
               +-------+-------+-------+-------+-------+----------------------
         Total | 100.0 | 100.0 |   0.0 |   2.2 |   7.1 | 170.8
       Dungeon | 100.0 | 100.0 |   0.0 |   2.2 |   7.1 | 170.8
               +-------+-------+-------+-------+-------+----------------------

Table legend:
 A = Kills in this place as a percentage of kills in entire the game.
 B = Kills by you in this place as a percentage of kills by you in the entire game.
 C = Kills by friends in this place as a percentage of kills by friends in the entire game.
 D = Other kills in this place as a percentage of other kills in the entire game.
 E = Experience gained in this place as a percentage of experience gained in the entire game.
 F = Experience gained in this place divided by the number of levels of this place that you have seen.
                   A       B       C       D       E      F
               +-------+-------+-------+-------+-------+----------------------
         Total | 100.0 | 100.0 |  -nan |  -nan | 100.0 |  22.4
       Dungeon | 100.0 | 100.0 |  -nan |  -nan | 100.0 |  22.4
               +-------+-------+-------+-------+-------+----------------------

Vault maps used:
D:1:      sevenhm_arrival_forest_fort_small_2
D:2:      nicolae_overflow_crystal_walls, first_bread
D:3:      minmay_strange_pillars, minivault_19, minivault_26,
          grunt_ministairs_13
D:4:      uniq_pikel
D:5:      vehumet_statue, serial_shops, kennysheep_mini_moat,
          kennysheep_generic_room_14

Action                   |  1- 3 |  4- 6 || total
-------------------------+-------+-------++-------
Melee: Falchion          |   211 |    27 ||   238
       Hand axe          |       |    30 ||    30
 Fire: Hunting sling     |       |     9 ||     9
Throw: Stone             |     3 |       ||     3
  Use: Scroll            |     5 |     2 ||     7
       Potion            |       |     2 ||     2
  Eat: Bread ration      |     1 |       ||     1
Dungeon Crawl Stone Soup version 0.16-a0-3280-g3a29b53 (webtiles) character file. 78 Aargh the Slasher (level 4, -1/38 HPs) Began as a Hill Orc Wanderer on Dec 24, 2014. Slain by a worker ant (2 damage) ... on level 3 of the Dungeon. The game lasted 00:18:24 (2192 turns). Aargh the Slasher (Hill Orc Wanderer) Turns: 2192, Time: 00:18:24 Health: -1/38 AC: 9 Str: 15 XL: 4 Next: 36% Magic: 4/4 EV: 9 Int: 18 God: Gold: 164 SH: 0 Dex: 9 Spells: 0 memorised, 3 levels left rFire . . . SeeInvis . w - +0 hand axe (elec) rCold . . . Clarity . a - +3 scale mail rNeg . . . SustAb . (no shield) rPois . Gourm . (no helmet) rElec . Spirit . (no cloak) rCorr . Warding . (no gloves) rMut . Stasis . (no boots) MR ..... (no amulet) Stlth .......... (no ring) i - ring of wizardry @: brilliant, lethally poisoned, not resistant to hostile enchantments, extremely unstealthy A: no striking features a: Convert to Beogh You were on level 3 of the Dungeon. You were not hungry. You visited 1 branch of the dungeon, and saw 5 of its levels. You collected 164 gold pieces. Dungeon Overview and Level Annotations Branches: Dungeon (5/15) Temple: D:4-7 Altars: The Shining One Annotations: D:4 Pikel Skills: + Level 3.1 Fighting + Level 3.9 Long Blades Level 1.0 Crossbows * Level 2.6 Armour + Level 1.4 Dodging * Level 1.7 Stealth Level 1.1 Shields You had 3 spell levels left. You didn't know any spells. Inventory: Hand weapons c - a +0 falchion k - a +0 mace o - a +1 hunting sling of flaming s - a +0 dagger w - a +0 hand axe of electrocution (weapon) x - a +0 trident Missiles e - 11 bolts h - 78 stones (quivered) l - 23 sling bullets Armour a - a +3 scale mail (worn) v - a +0 leather armour Jewellery f - an uncursed amulet of stasis i - a ring of wizardry (left hand) m - a +3 ring of strength {unknown} p - an uncursed ring of poison resistance {unknown} r - an uncursed ring of fire {unknown} Scrolls b - 2 scrolls of teleportation g - 2 scrolls of enchant armour n - a scroll of identify Comestibles d - 4 meat rations q - a bread ration t - a slice of pizza Message History You feel clever all of a sudden. The worker ant bites you but does no damage. * * * LOW HITPOINT WARNING * * * You feel sick. The worker ant barely misses you. Drink which item? (? for menu, Esc to quit) It was a potion of heal wounds. You feel much better. You feel sick. The worker ant bites you. * * * LOW HITPOINT WARNING * * * Unknown command. You feel sick. The worker ant waves its antennae. The worker ant bites you but does no damage. You feel sick. Found a stone staircase leading up. You feel sick. The worker ant bites you but does no damage. You feel sick. The worker ant bites you. * * * LOW HITPOINT WARNING * * * There is a stone staircase leading up here. The worker ant bites you. * * * LOW HITPOINT WARNING * * * You are lethally poisoned! The worker ant poisons you! You climb upwards. The orc shouts! The orc wizard shouts! The hobgoblin shouts! * * * LOW HITPOINT WARNING * * * You feel sick. The orc wizard casts a spell at you. The magic dart hits you! * * * LOW HITPOINT WARNING * * * The hobgoblin hits you but does no damage. Found 14 gold pieces. Found a stone staircase leading up. There is a stone staircase leading down here. * * * LOW HITPOINT WARNING * * * You feel sick. The orc priest shouts, "Beogh is our master! Accept the truth or die!" (press Y on the ability menu to convert to Beogh) The orc priest shouts! The worker ant bites you. You die... *,*******#........*,,,,,,,,,,* *,,,,,,,...........,,,,,,,,,,* *******#..........#,,,,,,,,,,* #..........#***,,,,,*,, #..........#***,,**,,,, #..........#*,,,,**,,,, #....g.....#..#,,*,,*,, *#...a>...o.o##*,,,***, *#$...@...##..#,,,,,*,, #..........o...,,,,,,,, #..........###,,,,,*,,* #..........o..,,**,,,,, #.............*,,*,,*,, #............***,,,***, *#......<...,,*,,*,,*,, *#......#.,*,,,**,,,,, ***###*..***,,***,,,, You could see a worker ant, an orc priest, an orc wizard, 2 orcs and a hobgoblin.

Vanquished Creatures
  A slave (D:4)
  2 adders
  3 giant geckos
  An orc (D:3)
  12 bats
  4 giant cockroaches
  5 goblins (D:2)
  5 hobgoblins
  A quokka (D:1)
  2 ball pythons (D:1)
  2 giant newts
  7 kobolds
  9 rats
54 creatures vanquished. Notes Turn | Place | Note -------------------------------------------------------------- 0 | D:1 | Aargh, the Hill Orc Wanderer, began the quest for the Orb. 0 | D:1 | Aargh set off with: a +2 scale mail, a scroll of teleportation, a +0 falchion, a meat ration 0 | D:1 | Reached XP level 1. HP: 18/18 MP: 1/1 231 | D:1 | Reached XP level 2. HP: 15/25 MP: 2/2 766 | D:1 | Reached XP level 3. HP: 28/30 MP: 3/3 1111 | D:2 | Reached skill level 1 in Dodging 1317 | D:2 | Found a glowing golden altar of the Shining One. 1453 | D:2 | Reached skill level 3 in Fighting 1524 | D:2 | Reached XP level 4. HP: 38/38 MP: 4/4 2111 | D:4 | Noticed a slave 2119 | D:5 | Entered Level 5 of the Dungeon 2119 | D:5 | Noticed an ogre 2138 | D:4 | Killed a slave 2161 | D:4 | Noticed Pikel 2191 | D:3 | HP: 2/38 [orc wizard/magic dart (4)] 2192 | D:3 | Slain by a worker ant
